 Dungeon Crawl Stone Soup version 0.31-a0-1165-g196b491b36 (webtiles) character file.

Game seed: 16861411672961756195

76848 SJWr the Bludgeoner (level 15, -23/156 (183) HPs)
             Began as an Armataur Berserker on Dec 10, 2023.
             Was a High Priest of Trog.
             Killed from afar by an orc sorcerer (36 damage)
             ... with a bolt of negative energy
             ... while paralysed by an orc sorcerer
             ... on level 2 of the Orcish Mines.
             The game lasted 02:32:16 (21276 turns).

SJWr the Bludgeoner (Armataur Berserker)           Turns: 21276, Time: 02:32:16

HP:   -23/156 (183) AC: 10    Str: 34    XL:     15   Next: 13%
MP:   15/15         EV:  1    Int:  8    God:    Trog [*****.]
Gold: 1696          SH:  0    Dex: 11    Spells: 14/14 levels left

rFire   . . .        f - +4 great mace (flame)
rCold   . . .        (shield currently unavailable)
rNeg    . . .        P - +2 plate armour {rPois}
rPois   +            O - +0 helmet {SInv}
rElec   .            V - +2 cloak
rCorr   .            L - +2 pair of gloves
SInv    +            (no barding)
Will    +....        c - amulet of regeneration Stlth
                     t - +5 ring of evasion
HPRegen 3.21/turn    w - +6 ring of strength
MPRegen 0.14/turn

%: roll
@: paralysed, berserking, lethally poisoned (-23 -> -24), corroded, heavily
drained
A: large, deformed body, tough skin 3, armoured tail, roll 2, long tongue
a: Renounce Religion, Berserk, Trog's Hand, Brothers in Arms


You were on level 2 of the Orcish Mines.
You worshipped Trog.
Trog was extremely pleased with you.
You visited 3 branches of the dungeon, and saw 19 of its levels.
You visited 1 bazaar.
You also visited: Sewer, Ossuary, Bailey and Ice Cave.

You collected 2616 gold pieces.
You spent 920 gold pieces at shops.

Inventory:

Hand Weapons
 f - a +4 great mace of flaming (weapon)
   (Trog gifted it to you on level 4 of the Lair of Beasts)
 j - a +0 morningstar
   (You took it off an orc on level 5 of the Dungeon)
 u - the +8 mace "Ijuemit" {flame, rF++ Will- Dex+5}
   (You found it on level 5 of the Lair of Beasts)

   Dex+5:     It affects your dexterity (+5).
   rF++:      It greatly protects you from fire.
   Will-:     It decreases your willpower.
Missiles
 l - 16 boomerangs
 m - 3 poisoned darts
 n - 9 throwing nets {!d}
 p - 6 javelins
 s - 135 stones
 x - 9 curare-tipped darts
Armour
 L - a +2 pair of gloves (worn)
   (You bought it in a shop in a bazaar)
 O - a +0 helmet of see invisible (worn)
   (You bought it in a shop in a bazaar)
 P - a +2 plate armour of poison resistance (worn)
   (You took it off Donald on level 1 of the Orcish Mines)
 V - a +2 cloak (worn)
   (You found it on level 1 of the Lair of Beasts)
Jewellery
 c - an amulet of regeneration (around neck)
   (You found it on level 11 of the Dungeon)
 k - an amulet of magic regeneration
   (You found it on level 11 of the Dungeon)
 o - a ring of ice {rC+, rF-}
   (You found it in an ice cave)
 t - a +5 ring of evasion (left hand)
   (You found it on level 1 of the Dungeon)
 w - a +6 ring of strength (right hand)
   (You found it on level 6 of the Dungeon)
 F - a ring of protection from fire {rF+, !d}
   (You bought it in a shop in a bazaar)
Wands
 d - a wand of digging (12)
   (You found it in a bailey)
 e - a wand of charming (15)
   (You found it on level 4 of the Dungeon)
 h - a wand of acid (6)
   (You found it in a sewer)
 i - a wand of iceblast (14)
   (You took it off Grum in a bailey)
 q - a wand of flame (35)
   (You found it on level 5 of the Dungeon)
 y - a wand of mindburst (35)
   (You found it on level 7 of the Dungeon)
Scrolls
 g - 7 scrolls of identify {@r1}
 r - a scroll of enchant armour
 D - a scroll of blinking {!r}
 E - 2 scrolls of fear
 K - 4 scrolls of immolation {!r}
 Q - 2 scrolls of revelation
 R - 2 scrolls of fog
 Y - 10 scrolls of teleportation {@r3}
Potions
 v - 5 potions of attraction {!q}
 A - 3 potions of enlightenment
 G - 4 potions of ambrosia {!q}
 H - a potion of haste
 I - 3 potions of invisibility
 J - 6 potions of curing {@q1}
 M - a potion of might
 N - 6 potions of heal wounds {@q2}


   Skills:
 - Level 12.7 Fighting
 - Level 17.5 Maces & Flails
 + Level 4.1 Throwing
 - Level 16.1 Armour
 - Level 1.3 Dodging


You had 14 spell levels left.
You didn't know any spells.
Your spell library was empty.

Dungeon Overview and Level Annotations

Branches:
Dungeon (12/15)            Temple (0/1) D:4            Lair (5/5) D:9
  Swamp (0/4) Lair:3       Spider (0/4) Lair:2        Slime (0/5) Lair:5
    Orc (2/2) D:12            Elf (0/3) Orc:2         Sewer (visited)
Ossuary (visited)          Bailey (visited)           IceCv (visited)

Altars:
Kikubaaqudgha
Makhleb
Nemelex Xobeh
Sif Muna
Xom
The Shining One
Jiyva

Shops:
D:7 *   Orc:1 =*   Orc:2 (*

Portals:
Hell: Lair:5

Annotations:
Lair:1 3 runed translucent doors, bmb222's ghost, journeyman DsBr; drugrobin's ghost, journeyman DgDe
Lair:4 3 runed translucent doors, lucidstorm14's ghost, journeyman MiBe
Orc:1 1 runed translucent door


Innate Abilities, Weirdness & Mutations

Armour fits poorly on your strangely shaped body.
You have extremely tough skin. (AC +3)
You have a long armoured tail.
You roll and regenerate health when moving toward enemies. (Rampage Heal)
Your long tongue fully drains potion bottles. (2x potion effects)


Message History

Unknown command.
You closely miss the orc sorcerer.
Your tail-slap misses the orc sorcerer.
The orc sorcerer no longer looks unusually strong.
The orc sorcerer gestures at you while chanting.
You suddenly lose the ability to move!
The orc sorcerer hits you but does no damage.
The sixfirhy hits you but does no damage. x3
The orc sorcerer hits you but does no damage.
The orc sorcerer hits you with a +0 dagger.
The sixfirhy hits you but does no damage. x4
The orc sorcerer hits you with a +1 dagger of protection.
The orc sorcerer mumbles some strange words.
The sixfirhy hits you but does no damage.
An orc high priest comes into view. It is wielding a +0 flail.
The orc sorcerer hits you but does no damage. x2
You can move again.
You regained 10 hp, and now have 143/174 hp.
Unknown command.
Unknown command.
You closely miss the orc sorcerer.
Your tail-slap misses the orc sorcerer.
You regained 2 hp, and now have 145/174 hp.
You barely miss the orc sorcerer. You tail-slap the orc sorcerer.
You kill the orc sorcerer!
Trog accepts your kill.
Trog appreciates your killing of a magic user.
The sixfirhy disappears in a puff of smoke!
The orc sorcerer mumbles some strange words.
The orc high priest mumbles some strange prayers to Beogh.
You regained 2 hp, and now have 147/175 hp.
Press: ? - help, v - describe, . - travel, g - get item
Here: an orc sorcerer, wielding a +1 dagger of protection and wearing a +0 robe
Items here: a +0 dagger; a +0 robe; an orc corpse.
The floor.
There are monsters nearby!
Unknown command.
Unknown command.
Unknown command.
You hit the orc sorcerer but do no damage.
You regained 2 hp, and now have 149/175 hp.
You barely miss the orc sorcerer.
The orc sorcerer gestures wildly while chanting.
The orc wizard hits you but does no damage.
The orc sorcerer gestures at you while chanting.
You resist with some effort. The rust devil hits you.
The rust devil corrodes you!
You miss the orc sorcerer.
You regained 2 hp, and now have 152/175 hp.
You hit the orc sorcerer but do no damage.
The orc wizard no longer looks unusually strong.
The orc sorcerer points at you and mumbles some strange words.
You suddenly lose the ability to move!
The orc sorcerer hits you but does no damage.
The orc wizard hits you with a +0 dagger.
The orc high priest calls down the wrath of Beogh upon you.
Beogh smites you! The rust devil hits you. The rust devil corrodes you!
The sixfirhy hits you. The sixfirhy shocks you!
The orc sorcerer hits you with a +0 dagger.
The orc sorcerer hits you but does no damage.
The orc priest casts a cantrip, but nothing happens.
The orc high priest prays to Beogh.
The kobold blastminer's cannon shakes and flares with a red glow.
The rust devil hits you. The rust devil corrodes you!
The orange demon stings you from afar.
The orc sorcerer hits you but does no damage.
The orc sorcerer casts a spell at you. The bolt of fire hits you!
The rust devil hits you. The rust devil corrodes you!
The orange demon stings you from afar. The orc sorcerer casts a spell at you.
The bolt of negative energy hits you!!
You feel drained.
The bolt of negative energy hits the rust devil.
The rust devil completely resists.
The orc sorcerer gestures wildly while chanting.
The rust devil hits you. The rust devil corrodes you!
The orange demon stings you from afar.
You are poisoned.
The orange demon poisons you!
You feel very sick. The sixfirhy hits you! The sixfirhy shocks you!
The sixfirhy hits you but does no damage. x2
The orc sorcerer hits you but does no damage. x2
The rust devil hits you. The rust devil corrodes you!
The orange demon stings you but does no damage.
You feel very sick. The sixfirhy hits you. The sixfirhy shocks you!
* * * LOW HITPOINT WARNING * * *
The sixfirhy hits you.
* * * LOW HITPOINT WARNING * * *
The sixfirhy shocks you!
* * * LOW HITPOINT WARNING * * *
The sixfirhy hits you.
* * * LOW HITPOINT WARNING * * *
The sixfirhy shocks you!
* * * LOW HITPOINT WARNING * * *
The orc priest looks encouraged for a moment.
The sixfirhy hits you but does no damage.
The orc sorcerer casts a spell at you. The bolt of negative energy hits you!!!
You feel drained.
You die...

.#### **,,,,,**,,** #.........
..#.## **,..,,,,**,.* #.........
∩....# *∩,#.#*,,,**.###.........
..#..# **..#..#*,,**..##.........
.##.## *∩,#....#,,,*#.##.........
....###*,.#..4.o,,,*#.##.........
....#.#*,#....4o,,,*#.##.........
...#.##*,#....43#####.##.........
...### *,.....Ko@4.....).........
#### *,#.....o#####.##)........
..## *,#.....3,,,*#.##.).......
.### *,.#.....,,,*#.##.........
#### *∩,#....#,,,##.##.........
#### **..#..#*,,*#..##.........
#### *∩,#.#*,,,##.###.........
.### **,...,,,##..# #.........
..## **.o...##..## #.........


You could see an orc high priest, an orange demon (summoned), a hellwing
(summoned), a rust devil (summoned), a kobold blastminer, a sixfirhy (summoned),
a ynoxinul (summoned), 2 orc sorcerers, a chaos spawn (summoned) and an orc
priest.

Vanquished Creatures
  Gastronok (Lair:3)
  Donald (Orc:1)
  5 hydras
  A hell beast (Lair:5)
  An ice dragon (IceCv)
  Harold (D:10)
  2 tengu warriors (D:11)
  9 death yaks
  5 two-headed ogres
  Urug (D:12)
  2 orc high priests (Orc:2)
  4 skeletal warriors (D:12)
  A swamp dragon (Lair:3)
  3 skysharks
  A lindwurm (Lair:5)
  An arcanist (Lair:5)
  4 orc knights (Orc:2)
  A deep elf pyromancer (D:10)
  2 orc sorcerers (Orc:2)
  A cyclops (Orc:1)
  A manticore (D:11)
  Maurice (D:8)
  11 elephants
  A kobold blastminer (Orc:2)
  6 black mambas
  A smoke demon (Lair:5)
  2 ice statues (IceCv)
  12 cane toads
  An unseen horror (D:11)
  9 rime drakes
  12 komodo dragons
  A red devil (Lair:5)
  2 ice devils (Lair:5)
  3 meliai (D:8)
  7 polar bears
  5 trolls
  Prince Ribbit (D:8)
  2 hornets
  6 blink frogs
  7 dream sheep (Lair:5)
  3 slime creatures (D:12)
  2 wraiths
  3 wyverns
  3 shadows
  Grum (Bailey)
  55 yaks
  A steam dragon (D:7)
  5 basilisks
  7 vampire mosquitoes
  An acid dragon (D:10)
  4 wargs
  Duvessa (D:4)
  16 water moccasins
  2 hell hounds (Lair:5)
  Pargi (Sewer)
  18 orc warriors
  A sky beast (D:8)
  A black bear (D:6)
  A hornet zombie (Ossuary)
  2 ice beasts
  26 wolves
  3 ogres
  A centaur (D:8)
  A phantom (D:7)
  3 kobold brigands
  A brain worm (Sewer)
  9 bullfrogs
  2 scorpions (D:5)
  7 gnoll sergeants (Bailey)
  A water moccasin zombie (Ossuary)
  9 wights
  Dowan (D:4)
  3 killer bees (D:8)
  4 lindwurm simulacra (IceCv)
  3 howler monkeys (D:12)
  4 centaur zombies (Ossuary)
  3 lava snakes (Lair:4)
  2 jellies (D:7)
  7 bullfrog zombies (Ossuary)
  5 komodo dragon simulacra (IceCv)
  9 mummies (Ossuary)
  13 orc priests
  2 hounds (Bailey)
  11 gnoll boudas
  3 sleepcaps
  2 iguanas
  23 orc wizards
  4 hell rats (Lair:2)
  Terence (D:2)
  A killer bee zombie (Ossuary)
  2 howler monkey zombies (Ossuary)
  6 acid dragon simulacra (IceCv)
  29 gnolls
  5 adders
  A shadow imp (D:6)
  A white imp (D:8)
  5 steam dragon simulacra (IceCv)
  A worm (D:3)
  2 dart slugs
  58 orcs
  9 ball pythons
  8 bats
  9 endoplasms
  3 giant cockroaches
  10 goblins
  11 hobgoblins
  5 jackals (D:4)
  5 quokkas
  2 frilled lizards
  16 kobolds
  9 rats
627 creatures vanquished.

Vanquished Creatures (collateral kills)
  2 death yaks (Lair:1)
  2 molten gargoyles (Lair:4)
  A rime drake (IceCv)
  2 ice devils (Lair:5)
  A red devil (Lair:5)
  3 yaks (Lair:1)
  2 hell hounds (Lair:5)
  2 lava snakes (Lair:4)
  A komodo dragon simulacrum (IceCv)
16 creatures vanquished.

Vanquished Creatures (others)
  2 orc priests (D:7)
  An orc wizard (Orc:2)
  A gnoll (D:7)
4 creatures vanquished.

Grand Total: 647 creatures vanquished

Notes
Turn   | Place    | Note
-------+----------+-------------------------------------------
     0 | D:1      | SJWr the Armataur Berserker began the quest for the Orb.
     0 | D:1      | Reached XP level 1. HP: 17/17 MP: 1/1
   123 | D:1      | Reached skill level 3 in Maces & Flails
   160 | D:1      | Reached XP level 2. HP: 23/23 MP: 2/2
   283 | D:1      | Reached skill level 3 in Fighting
   327 | D:1      | Reached ** piety under Trog
   450 | D:1      | Reached skill level 3 in Armour
   450 | D:1      | Reached XP level 3. HP: 29/29 MP: 3/3
   817 | D:2      | Noticed Terence
   828 | D:2      | Killed Terence
  1256 | D:3      | Reached XP level 4. HP: 35/35 MP: 4/4
  1256 | D:3      | Found a glowing drain.
  1294 | Sewer    | Entered a sewer
  1312 | Sewer    | Noticed a brain worm
  1318 | Sewer    | Killed a brain worm
  1319 | Sewer    | Reached skill level 4 in Maces & Flails
  1319 | Sewer    | Reached XP level 5. HP: 31/41 MP: 5/5
  1319 | Sewer    | Noticed Pargi
  1328 | Sewer    | Killed Pargi
  1329 | Sewer    | Reached skill level 4 in Armour
  1620 | D:3      | Reached XP level 6. HP: 48/48 MP: 6/6
  2073 | D:4      | Found a staircase to the Ecumenical Temple.
  2083 | D:4      | Reached *** piety under Trog
  2128 | D:4      | Reached skill level 4 in Fighting
  2128 | D:4      | Reached skill level 5 in Maces & Flails
  2297 | D:4      | Found an ancient bone altar of Kikubaaqudgha.
  2389 | D:4      | Found a sparkling altar of Nemelex Xobeh.
  2419 | D:4      | Noticed Duvessa
  2420 | D:4      | Noticed Dowan
  2428 | D:4      | Killed Duvessa
  2433 | D:4      | Killed Dowan
  2434 | D:4      | Reached skill level 5 in Armour
  2434 | D:4      | Gained mutation: You roll and regenerate health when moving
                  | toward enemies. (Rampage Heal) [Armataur growth]
  2434 | D:4      | Reached XP level 7. HP: 54/54 MP: 7/7
  2612 | D:4      | Found a shimmering altar of Xom.
  2906 | D:5      | Entered Level 5 of the Dungeon
  3077 | D:5      | Reached skill level 6 in Maces & Flails
  3720 | D:6      | Reached skill level 5 in Fighting
  3720 | D:6      | Reached skill level 6 in Armour
  3720 | D:6      | Reached XP level 8. HP: 19/62 MP: 8/8
  3908 | D:6      | Found a sand-covered staircase.
  3920 | Ossuary  | Entered an ossuary
  4034 | Ossuary  | Reached skill level 7 in Maces & Flails
  4293 | Ossuary  | Reached **** piety under Trog
  4319 | Ossuary  | Reached skill level 7 in Armour
  4557 | D:6      | Reached skill level 8 in Maces & Flails
  4678 | D:6      | Reached skill level 6 in Fighting
  4678 | D:6      | Reached XP level 9. HP: 67/69 MP: 9/9
  5474 | D:7      | Reached skill level 8 in Armour
  5484 | D:7      | HP: 24/106 [steam dragon] (4)]
  5499 | D:7      | Reached skill level 9 in Maces & Flails
  5860 | D:7      | Found Buokkips's Gadget Gallery.
  5976 | D:8      | Noticed a two-headed ogre
  5990 | D:8      | Killed a two-headed ogre
  5991 | D:8      | Reached skill level 7 in Fighting
  5994 | D:8      | Reached skill level 9 in Armour
  6043 | D:8      | Noticed a meliai
  6043 | D:8      | Noticed a meliai
  6052 | D:8      | Killed a meliai
  6053 | D:8      | Reached XP level 10. HP: 64/79 MP: 10/10
  6115 | D:8      | Found a flagged portal.
  6238 | Bailey   | Entered a bailey
  6309 | Bailey   | Reached skill level 10 in Maces & Flails
  6439 | Bailey   | Noticed Grum
  6596 | Bailey   | Killed Grum
  6618 | Bailey   | HP: 27/115 [gnoll sergeant/+0 halberd (7)]
  6654 | Bailey   | HP: 12/79 [gnoll bouda/+0 spear (8)]
  6667 | Bailey   | Reached ***** piety under Trog
  6693 | Bailey   | HP: 19/80 [gnoll bouda/+0 halberd (11)]
  7108 | D:8      | Noticed Maurice
  7129 | D:8      | Killed Maurice
  7361 | D:8      | HP: 30/120 [poisoned by a meliai]
  7363 | D:8      | Reached skill level 8 in Fighting
  7363 | D:8      | Reached skill level 10 in Armour
  7366 | D:8      | Reached skill level 11 in Maces & Flails
  7366 | D:8      | HP: 27/120 [poisoned by a meliai]
  7371 | D:8      | HP: 16/80 [poisoned by a meliai]
  7790 | D:8      | Noticed Prince Ribbit
  7794 | D:8      | Killed Prince Ribbit
  8148 | D:9      | Noticed a two-headed ogre
  8158 | D:9      | Reached XP level 11. HP: 87/87 MP: 11/11
  8164 | D:9      | Killed a two-headed ogre
  8567 | D:9      | Found a staircase to the Lair.
  8788 | D:10     | Entered Level 10 of the Dungeon
  8846 | D:10     | Received a gift from Trog
  9036 | D:10     | Reached skill level 11 in Armour
  9037 | D:10     | Reached skill level 12 in Maces & Flails
  9158 | D:10     | Found a glowing golden altar of the Shining One.
  9448 | D:10     | Noticed Harold
  9448 | D:10     | Noticed a deep elf pyromancer
  9469 | D:10     | Killed a deep elf pyromancer
  9470 | D:10     | Reached skill level 9 in Fighting
  9473 | D:10     | Killed Harold
  9555 | D:10     | Found a shimmering blue altar of Sif Muna.
 10040 | Lair:1   | Entered Level 1 of the Lair of Beasts
 10421 | Lair:1   | Noticed a death yak
 10440 | Lair:1   | Killed a death yak
 10463 | Lair:1   | Noticed a death yak
 10481 | Lair:1   | Killed a death yak
 10482 | Lair:1   | Reached skill level 13 in Maces & Flails
 10482 | Lair:1   | Reached skill level 12 in Armour
 10538 | Lair:1   | Noticed a death yak
 10542 | Lair:1   | Noticed a death yak
 10545 | Lair:1   | HP: 6/89 [death yak (17)]
 10546 | Lair:1   | HP: 2/89 [poisoned by a cane toad]
 10546 | Lair:1   | Noticed a death yak
 10549 | Lair:1   | Reached XP level 12. HP: 49/96 MP: 12/12
 10550 | Lair:1   | Killed a death yak
 10555 | Lair:1   | Killed a death yak
 10560 | Lair:1   | Killed a death yak
 10697 | Lair:1   | Noticed a six-headed hydra
 10707 | Lair:1   | Killed a six-headed hydra
 10854 | Lair:1   | Reached skill level 10 in Fighting
 11122 | Lair:1   | Found a runed translucent gate.
 11123 | Lair:1   | Found a runed translucent gate.
 11124 | Lair:1   | Found a runed translucent gate.
 11126 | Lair:1   | Noticed drugrobin's ghost (journeyman DgDe)
 11126 | Lair:1   | Noticed bmb222's ghost (journeyman DsBr)
 11878 | Lair:2   | Reached skill level 14 in Maces & Flails
 11883 | Lair:2   | HP: 22/97 [wolf (6)]
 11889 | Lair:2   | HP: 20/97 [wolf (2)]
 11986 | Lair:2   | Reached skill level 13 in Armour
 12493 | Lair:2   | Found a hole to the Spider Nest.
 12931 | Lair:3   | Noticed Gastronok
 13049 | Lair:3   | Reached XP level 13. HP: 96/104 MP: 13/13
 13074 | Lair:3   | Killed Gastronok
 13149 | Lair:3   | HP: 38/157 [hornet (2)]
 13150 | Lair:3   | Paralysed by a hornet for 3 turns
 13155 | Lair:3   | HP: 23/157 [poisoned by a cane toad]
 13161 | Lair:2   | HP: 25/157 [poisoned by a cane toad]
 13425 | Lair:3   | Found a frozen archway.
 13437 | Lair:3   | Reached skill level 11 in Fighting
 13453 | Lair:3   | Reached skill level 15 in Maces & Flails
 13547 | Lair:3   | Identified the dragon-blood talisman "Weene" {rN++}
 13550 | IceCv    | Entered an ice cave
 13559 | IceCv    | HP: 10/106 [komodo dragon simulacrum (21)]
 14131 | IceCv    | Reached skill level 14 in Armour
 15236 | Lair:3   | Found a staircase to the Swamp.
 15484 | Lair:4   | Received a gift from Trog
 15816 | Lair:4   | Reached skill level 16 in Maces & Flails
 15844 | Lair:4   | Reached XP level 14. HP: 114/114 MP: 14/14
 16158 | Lair:4   | Found a runed translucent gate.
 16159 | Lair:4   | Found a runed translucent gate.
 16160 | Lair:4   | Found a runed translucent gate.
 16160 | Lair:4   | Noticed an azure jelly
 16161 | Lair:4   | Noticed an azure jelly
 16162 | Lair:4   | Noticed an azure jelly
 16163 | Lair:4   | Noticed lucidstorm14's ghost (journeyman MiBe)
 16163 | Lair:4   | Noticed an acid blob
 16164 | Lair:4   | Noticed an acid blob
 16164 | Lair:4   | Found a viscous altar of Jiyva.
 16164 | Lair:4   | Noticed a quicksilver ooze
 16193 | Lair:4   | Reached skill level 15 in Armour
 16227 | Lair:5   | Entered Level 5 of the Lair of Beasts
 16251 | Lair:5   | Reached skill level 12 in Fighting
 17084 | Lair:5   | Found a staircase to the Slime Pits.
 17251 | Lair:5   | Identified the +8 mace "Ijuemit" {flame, rF++ Will- Dex+5}
 17439 | Lair:5   | Found a burning altar of Makhleb.
 17459 | Lair:5   | Received a gift from Trog
 17647 | Lair:5   | Found a gateway to Hell.
 17884 | D:11     | Reached skill level 17 in Maces & Flails
 19145 | D:12     | Noticed Urug
 19154 | D:12     | Killed Urug
 19276 | D:12     | Found a staircase to the Orcish Mines.
 19331 | D:12     | Reached skill level 16 in Armour
 19339 | D:12     | Reached skill level 1 in Throwing
 19759 | Orc:1    | Entered Level 1 of the Orcish Mines
 19907 | Orc:1    | Found Koda's Jewellery Emporium.
 20016 | Orc:1    | Found Kuerelyl's Overcharged Wands.
 20114 | Orc:1    | Found a runed translucent door.
 20117 | Orc:1    | Noticed a balrug
 20331 | Orc:2    | Entered Level 2 of the Orcish Mines
 20332 | Orc:2    | Found a flickering gateway to a bazaar.
 20348 | Bazaar   | Entered a bazaar
 20350 | Bazaar   | Found Isusses's Antique Weapon Boutique.
 20354 | Bazaar   | Found Kiaze's Antique Armour Boutique.
 20354 | Bazaar   | Found Vodutt's Antique Armour Boutique.
 20355 | Bazaar   | Found Tyss's Jewellery Boutique.
 20378 | Bazaar   | Bought a glowing cloak for 150 gold pieces
 20378 | Bazaar   | Bought a glowing cloak for 150 gold pieces
 20378 | Bazaar   | Bought a shiny helmet for 150 gold pieces
 20393 | Bazaar   | Bought a pair of embroidered gloves for 195 gold pieces
 20458 | Bazaar   | Bought a ring of protection from fire for 275 gold pieces
 20529 | Orc:2    | Noticed Donald
 20627 | Orc:2    | Found a staircase to the Elven Halls.
 20667 | Orc:1    | HP: 11/174 [Donald/+1 demon trident of venom (34)]
 20668 | Orc:1    | Killed Donald
 20672 | Orc:1    | HP: 10/174 [poisoned by Donald]
 20677 | Orc:1    | HP: 7/116 [poisoned by Donald]
 20807 | Orc:2    | Reached XP level 15. HP: 122/122 MP: 15/15
 21090 | Orc:2    | Reached skill level 2 in Throwing
 21241 | Orc:2    | Reached skill level 3 in Throwing
 21246 | Orc:2    | Found Pivesyig's Assorted Antiques.
 21246 | Orc:2    | Found Umao's Antique Weapon Emporium.
 21257 | Orc:2    | Reached skill level 4 in Throwing
 21262 | Orc:2    | Paralysed by an orc sorcerer for 3 turns
 21271 | Orc:2    | Paralysed by an orc sorcerer for 5 turns
 21276 | Orc:2    | HP: 40/166 [sixfirhy[an orc high priest] (3)]
 21276 | Orc:2    | HP: 13/166 [sixfirhy[an orc high priest] (12)]
 21276 | Orc:2    | Killed from afar by an orc sorcerer

Illustrated notes

Levels and vault maps discovered:
D:1:      beargit_arrival_greenhouse, layout_basic, st_stairs_12
D:2:      layout_loops_cross, uniq_terence
D:3:      layout_loops_ring, cheibrodos_sewer_entry_drain
D:4:      layout_gridville, mainiacjoe_overflow_brackets,
          nicolae_overflow_crystal_walls, lemuel_round_altar,
          minmay_temple_entry_glass, nicolae_figureground_pulse, uniq_duvessa
D:5:      layout_loops_ring
D:6:      layout_layer_cave, mainiacjoe_ossuary_entry_dusty_tomb,
          minmay_pentangle
D:7:      layout_rooms, nicolae_shop_gadgets
D:8:      layout_basic, enter_bailey_6, uniq_prince_ribbit1, uniq_maurice
D:9:      layout_basic, david_lair_shrubbed, kennysheep_generic_room_13
D:10:     layout_rooms, nicolae_tso_carved_into_rock, serial_library,
          serial_library_hellmonk_small_alcove,
          serial_library_hellmonk_big_corner,
          serial_library_hellmonk_secret_room,
          serial_library_regret_index_double_sided,
          serial_library_hellmonk_room_a, serial_library_hellmonk_narrow_alcove,
          serial_library_hellmonk_junction,
          serial_library_regret_index_branch_corner, uniq_harold
D:11:     layout_basic, st_stairs_3
D:12:     layout_loops_corners, david_orc_1_choice, uniq_urug
Lair:1:   layout_gridlike, gammafunk_ghost_cemetery, serial_bayou_shore_b,
          grunt_megastairs_3, infiniplex_staircase_pool_2
Lair:2:   layout_gridlike, nicolae_spider_entry_orb_guardian,
          beast_lair_carwin_8
Lair:3:   layout_hall_layers, mainiacjoe_swamp_entry_lozenge_pond,
          portal_ice_cave_entry_animals_and_master, serial_bayou_pond_d,
          uniq_gastronok
Lair:4:   cheibrodos_magma_flow, layout_long_grid, gammafunk_ghost_ooze,
          beast_lair_carwin_5
Lair:5:   evil_forest, layout_regular_city, slime_entry_1
Orc:1:    dreamdust_dug_too_deep, layout_caves, serial_shops, shop,
          nicolae_shop_overcharged_wands
Orc:2:    st_orc_elflike, layout_diamond_mine, serial_shops, bzr_entry_gold,
          uniq_donald

Skill      XL: |  1  2  3  4  5  6  7  8  9 10 11 12 13 14 15 |
---------------+----------------------------------------------+-----
Maces & Flails | 3 4 5 6 8 9 11 13 14 16 17 | 17.5
Fighting       | 3 4 5 6 7 8 9 10 11 12 | 12.7
Armour         | 3 4 5 6 7 9 10 12 13 14 16 | 16.1
Throwing       | 1 4 |  4.1
Dodging        | |  1.3

Action                     |  1- 3 |  4- 6 |  7- 9 | 10-12 | 13-15 || total
---------------------------+-------+-------+-------+-------+-------++-------
  Melee: Mace              |   103 |   139 |    84 |       |       ||   326
         Tailslap          |    10 |    11 |    55 |   132 |   158 ||   366
         Punch             |     1 |     2 |     5 |    18 |     3 ||    29
         Flail             |       |       |    16 |       |       ||    16
         Morningstar       |       |       |   152 |   385 |   354 ||   891
         Whip              |       |       |   128 |   460 |       ||   588
         Great mace        |       |       |       |       |   527 ||   527
  Throw: Dart              |       |       |       |     4 |       ||     4
         Throwing net      |       |       |       |     2 |       ||     2
 Invoke: Berserk           |     2 |     3 |     8 |    10 |    16 ||    39
         Trog's Hand       |       |     2 |       |     2 |     1 ||     5
         Brothers in Arms  |       |       |       |     2 |     4 ||     6
  Evoke: Wand              |       |       |       |     3 |     1 ||     4
    Use: Scroll            |     1 |     3 |    19 |     7 |     4 ||    34
         Potion            |       |       |     1 |     6 |     7 ||    14
   Stab: Distracted        |       |       |       |     1 |       ||     1
         Invisible         |       |       |       |       |     2 ||     2
 Armour: Animal skin       |    22 |       |       |       |       ||    22
         Plate armour      |    36 |   136 |   280 |   549 |   736 ||  1737
  Dodge: Dodged            |    65 |    79 |   195 |   360 |   394 ||  1093

Table legend: (Time is in decaauts)
 A = Elapsed time spent in this place.
 B = Non-inter-level travel time spent in this place.
 C = Inter-level travel time spent in this place.
 D = Time resting spent in this place.
 E = Time spent auto-exploring this place.
 F = Levels seen in this place.
 G = Mean time per level.
                   A        B        C        D        E       F      G
               +--------+--------+--------+--------+--------+-----+--------+
         Total |  21138 |  19792 |   1346 |   2740 |  12637 |  24 |  880.8 |
       Dungeon |  10562 |   9902 |    660 |    577 |   7641 |  12 |  880.2 |
          Lair |   6776 |   6398 |    378 |   1300 |   3671 |   5 | 1355.2 |
  Orcish Mines |   1380 |   1073 |    307 |    102 |    626 |   2 |  690.0 |
        Bazaar |    119 |    119 |      0 |      0 |     26 |   1 |  119.0 |
         Sewer |     96 |     96 |      0 |      2 |     12 |   1 |   96.0 |
       Ossuary |    581 |    581 |      0 |    111 |    245 |   1 |  581.0 |
        Bailey |    746 |    746 |      0 |    235 |    197 |   1 |  746.0 |
      Ice Cave |    874 |    874 |      0 |    410 |    219 |   1 |  874.0 |
               +--------+--------+--------+--------+--------+-----+--------+

Top non-repeatable levels by time:
  Lair:1: 1607 daAuts
  Lair:2: 1555 daAuts
  Lair:5: 1469 daAuts
  Lair:3: 1359 daAuts
    D:10: 1178 daAuts
     D:8: 1169 daAuts
     D:6: 1150 daAuts
    D:12: 995 daAuts
    D:11: 931 daAuts
     D:9: 889 daAuts
   IceCv: 874 daAuts
     D:3: 851 daAuts
     D:4: 826 daAuts
  Lair:4: 783 daAuts
     D:5: 768 daAuts

Levels and vault maps discovered:
D:1:      beargit_arrival_greenhouse, layout_basic, st_stairs_12
D:2:      layout_loops_cross, uniq_terence
D:3:      layout_loops_ring, cheibrodos_sewer_entry_drain
D:4:      layout_gridville, mainiacjoe_overflow_brackets,
          nicolae_overflow_crystal_walls, lemuel_round_altar,
          minmay_temple_entry_glass, nicolae_figureground_pulse, uniq_duvessa
D:5:      layout_loops_ring
D:6:      layout_layer_cave, mainiacjoe_ossuary_entry_dusty_tomb,
          minmay_pentangle
D:7:      layout_rooms, nicolae_shop_gadgets
D:8:      layout_basic, enter_bailey_6, uniq_prince_ribbit1, uniq_maurice
D:9:      layout_basic, david_lair_shrubbed, kennysheep_generic_room_13
D:10:     layout_rooms, nicolae_tso_carved_into_rock, serial_library,
          serial_library_hellmonk_small_alcove,
          serial_library_hellmonk_big_corner,
          serial_library_hellmonk_secret_room,
          serial_library_regret_index_double_sided,
          serial_library_hellmonk_room_a, serial_library_hellmonk_narrow_alcove,
          serial_library_hellmonk_junction,
          serial_library_regret_index_branch_corner, uniq_harold
D:11:     layout_basic, st_stairs_3
D:12:     layout_loops_corners, david_orc_1_choice, uniq_urug
Lair:1:   layout_gridlike, gammafunk_ghost_cemetery, serial_bayou_shore_b,
          grunt_megastairs_3, infiniplex_staircase_pool_2
Lair:2:   layout_gridlike, nicolae_spider_entry_orb_guardian,
          beast_lair_carwin_8
Lair:3:   layout_hall_layers, mainiacjoe_swamp_entry_lozenge_pond,
          portal_ice_cave_entry_animals_and_master, serial_bayou_pond_d,
          uniq_gastronok
Lair:4:   cheibrodos_magma_flow, layout_long_grid, gammafunk_ghost_ooze,
          beast_lair_carwin_5
Lair:5:   evil_forest, layout_regular_city, slime_entry_1
Orc:1:    dreamdust_dug_too_deep, layout_caves, serial_shops, shop,
          nicolae_shop_overcharged_wands
Orc:2:    st_orc_elflike, layout_diamond_mine, serial_shops, bzr_entry_gold,
          uniq_donald

Table legend: (Time is in decaauts)
 A = Elapsed time spent in this place.
 B = Non-inter-level travel time spent in this place.
 C = Inter-level travel time spent in this place.
 D = Time resting spent in this place.
 E = Time spent auto-exploring this place.
 F = Levels seen in this place.
 G = Mean time per level.
                   A        B        C        D        E       F      G
               +--------+--------+--------+--------+--------+-----+--------+
         Total |  21138 |  19792 |   1346 |   2740 |  12637 |  24 |  880.8 |
       Dungeon |  10562 |   9902 |    660 |    577 |   7641 |  12 |  880.2 |
          Lair |   6776 |   6398 |    378 |   1300 |   3671 |   5 | 1355.2 |
  Orcish Mines |   1380 |   1073 |    307 |    102 |    626 |   2 |  690.0 |
        Bazaar |    119 |    119 |      0 |      0 |     26 |   1 |  119.0 |
         Sewer |     96 |     96 |      0 |      2 |     12 |   1 |   96.0 |
       Ossuary |    581 |    581 |      0 |    111 |    245 |   1 |  581.0 |
        Bailey |    746 |    746 |      0 |    235 |    197 |   1 |  746.0 |
      Ice Cave |    874 |    874 |      0 |    410 |    219 |   1 |  874.0 |
               +--------+--------+--------+--------+--------+-----+--------+

Top non-repeatable levels by time:
  Lair:1: 1607 daAuts
  Lair:2: 1555 daAuts
  Lair:5: 1469 daAuts
  Lair:3: 1359 daAuts
    D:10: 1178 daAuts
     D:8: 1169 daAuts
     D:6: 1150 daAuts
    D:12: 995 daAuts
    D:11: 931 daAuts
     D:9: 889 daAuts
   IceCv: 874 daAuts
     D:3: 851 daAuts
     D:4: 826 daAuts
  Lair:4: 783 daAuts
     D:5: 768 daAuts

Table legend:
 A = Kills in this place as a percentage of kills in the entire game.
 B = Kills by you in this place as a percentage of kills by you in the entire game.
 C = Kills by friends in this place as a percentage of kills by friends in the entire game.
 D = Other kills in this place as a percentage of other kills in the entire game.
 E = Experience gained in this place as a percentage of experience gained in the entire game.
 F = Experience gained in this place divided by the number of levels of this place that you have seen.
                   A       B       C       D       E      F
               +-------+-------+-------+-------+-------+----------------------
         Total | 100.0 | 100.0 | 100.0 | 100.0 | 100.0 | 4574.3
       Dungeon |  44.8 |  45.8 |   0.0 | 100.0 |  26.5 | 2421.7
          Lair |  31.2 |  29.8 |  87.5 |   0.0 |  57.8 | 12683.6
  Orcish Mines |  10.1 |  10.4 |   0.0 |   0.0 |   9.6 | 5263.5
         Sewer |   1.1 |   1.1 |   0.0 |   0.0 |   0.2 | 235.0
       Ossuary |   3.9 |   4.0 |   0.0 |   0.0 |   0.9 | 973.0
        Bailey |   4.7 |   4.8 |   0.0 |   0.0 |   1.8 | 1929.0
      Ice Cave |   4.3 |   4.1 |  12.5 |   0.0 |   3.3 | 3642.0
               +-------+-------+-------+-------+-------+----------------------
